[Event "Fagernes GM Open Autumn 2024"]
[Site "Fagernes"]
[Date "2024.10.13"]
[Round "9.2"]
[White "Das, Sayantan"]
[Black "Jumabayev, Rinat"]
[Result "0-1"]
[ECO "B43"]
[WhiteElo "2471"]
[BlackElo "2577"]
[Annotator "TA"]
[PlyCount "129"]
[EventDate "2024.10.03"]
[EventType "swiss"]
[EventCountry "NOR"]
[SourceTitle "playchess.com"]
[Source "ChessBase"]
[SourceQuality "1"]
[TimeControl "40/6000:2400+30"]

1. e4 c5 2. Nf3 e6 3. d4 cxd4 4. Nxd4 a6 5. Nc3 Qc7 6. Bd3 Nf6 7. O-O Bc5 8. Nb3 Ba7 9. Qe2 d6 10. Be3 Bxe3 11. Qxe3 {[%emt 0:00:00] The position is equal.} Nc6 12. Kh1 b5 13. f4 O-O 14. a4 $1 b4 15. Nb1 e5 16. f5 Bb7 17. N1d2 Ne7 18. a5 d5 19. Rae1 Rfe8 20. Qc5 Qxc5 21. Nxc5 dxe4 $1 22. Ndxe4 Bxe4 23. Bxe4 Nxe4 24. Rxe4 Nc6 25. f6 g6 (25... Red8 {seems wilder.} 26. fxg7 Rd5 27. Nb3 Rb8) 26. Rd1 Red8 (26... h6 $11) 27. Rxd8+ $1 $16 Rxd8 {[%emt 0:00:00][%mdl 4096] Endgame. KRN-KRN} 28. h3 Ra8 (28... b3 $142 29. cxb3 (29. Nxb3 Rd5 $16) 29... Rd5) 29. Rc4 h6 (29... Rb8 $2 30. Nxa6 Nxa5 31. Rc5 $18 (31. Rxb4 Re8 $18)) 30. Nd7 Nxa5 31. Rxb4 Re8 (31... Nc6 $142 32. Rb6 Rd8) 32. Nc5 (32. Rb8 $16 Rxb8 33. Nxb8) 32... Rc8 $11 33. Nd7 Nc4 (33... Re8 $11) 34. b3 $16 Ne3 (34... Nd2 $16 {keeps fighting.} 35. Nxe5 Re8) 35. c4 $1 $18 (35. Nxe5 $6 Re8 36. Ng4 Nxg4 37. Rxg4 (37. hxg4 Re6 $11) 37... Re6 $11) 35... Nc2 (35... a5 $142 36. Rb8 Rxb8 37. Nxb8 e4) 36. Rb7 e4 (36... Re8 $142 37. Rb8 Rxb8 38. Nxb8 Kf8 39. Nd7+ (39. Nxa6 Ke8 $18) 39... Ke8 40. Nxe5 Nd4) 37. Nb6 (37. Ne5 $18 {and the rest is easy.} Rf8 38. Kg1) 37... Rc6 38. Nd5 (38. Rb8+ $1 $18 Kh7 39. Nd7) 38... Re6 $1 $15 39. Rb8+ Kh7 {[%emt 0:00:00] ...e3 is the strong threat.} 40. Rf8 e3 $1 41. Rxf7+ ({White should play} 41. Nxe3 $1 $15 Rxe3 (41... Nxe3 42. Rxf7+ Kg8 43. Rg7+ Kf8 44. Rxg6 $11) 42. Rxf7+ Kg8 43. Rg7+ Kf8 44. Rxg6) 41... Kg8 $17 42. Re7 (42. Rg7+ $17 {is a better defense.} Kf8 43. Nc3 (43. Rxg6 $2 e2 $19) (43. Re7 $2 Rxe7 44. fxe7+ Kf7 $19)) 42... Rxe7 $19 43. fxe7 {[%emt 0:00:02] KN-KN} (43. Nxe7+ Kf7 44. Nc6 Kxf6) 43... Kf7 {[%emt 0:00:07] Strongly threatening ...e2.} 44. Nf4 g5 45. Ne2 a5 {[%emt 0:00:03][%cal Oc2a1] Hoping for ...Na1!} ({Much less strong is} 45... Kxe7 46. g3 $17) 46. g4 $2 (46. g3) 46... Kxe7 47. Kg2 Kd6 48. Kf3 Ke5 49. c5 Kd5 50. c6 Kxc6 51. Ke4 Kc5 {[%emt 0:03:36] White must now prevent ...Kb4.} 52. Kd3 Na1 $1 53. Nd4 {[%emt 0:06:02] [#]} e2 $1 54. Nxe2 Kb4 55. Nd4 Nxb3 56. Nc2+ Kc5 $1 57. Kc3 a4 (57... Nc1 $1 $19 58. Kd2 Na2) 58. Ne3 $17 Nd4 $1 {[%emt 0:00:28] And now ...a3 would win.} 59. Kb2 Kd6 (59... Nb5 $1 $17 60. Nf5 a3+ 61. Ka2 Kb4) 60. Kc3 {[%emt 0:01:48][%mdl 8192] [#]} (60. Ka3 $15) 60... Ne2+ $2 (60... Nc6 $1 $19 61. Nf5+ Ke6) 61. Kb4 Ke5 {[%emt 0:00:13] Wards off Nf5. aiming for ...Nf4.} 62. Kxa4 $2 {[%emt 0:01:17][%mdl 8192] White does not recover from this.} (62. Nc4+ $17 Kf6 (62... Kd4 63. Nd6 $15) 63. Ne3) 62... Ng1 63. Nf5 {[%emt 0:00:34] [#]} h5 $1 ({Worse is} 63... Nxh3 64. Nxh6 Nf2 65. Nf7+ Ke6 66. Nd8+ Ke5 67. Kb3 $11) 64. Nh6 h4 ({Inferior is} 64... Nxh3 65. gxh5 Nf4 66. Ng4+ Kf5 67. Nh2 $11) 65. Nf7+ {[%emt 0:00:07] Weighted Error Value: White=0.56/Black=0.45.  Loses game:     	White=2     	---        Missed win:     	White=2     	Black=1      Mistake:       	White=4     	Black=8      Inaccurate:     	White=2     	Black=2      OK:         	White=15    	Black=15     Best:        	White=3     	Black=3      Strong:       	White=3     	Black=5} 0-1

[Event "Fagernes GM Open Autumn 2024"]
[Site "Fagernes"]
[Date "2024.10.13"]
[Round "9.3"]
[White "Ghasi, Ameet K"]
[Black "Urkedal, Frode Olav Olsen"]
[Result "1-0"]
[ECO "A09"]
[WhiteElo "2503"]
[BlackElo "2559"]
[Annotator "TA"]
[PlyCount "69"]
[EventDate "2024.10.03"]
[EventType "swiss"]
[EventCountry "NOR"]
[SourceTitle "playchess.com"]
[Source "ChessBase"]
[SourceQuality "1"]
[TimeControl "40/6000:2400+30"]

1. Nf3 d5 2. c4 d4 3. b4 c5 4. b5 Nf6 5. g3 g6 6. Bg2 {[%emt 0:01:24] A09: Réti Opening: 1 Nf3 d5 2 c4.} Bg7 7. O-O O-O 8. d3 a5 $146 ({Predecessor:} 8... a6 9. a4 b6 10. Ne5 Ra7 11. Na3 Ne8 12. Nc6 Nxc6 13. bxc6 Nd6 14. Rb1 Bf5 {0-1 Pantsulaia,L (2564)-Sevian,S (2690) Aimchess Play In m rapid 2023 (1.1)}) 9. a4 Nbd7 10. Ra2 Ra7 11. e3 dxe3 12. fxe3 b6 13. d4 Ne4 14. Qd3 Nd6 15. d5 Ne5 16. Nxe5 Bxe5 17. Nc3 f6 18. Ne2 Nf7 19. Rd2 Bd6 20. Nf4 g5 $2 (20... Kg7 $14) 21. Ne6 $18 Bxe6 22. dxe6 Ne5 {[%emt 0:00:10] [#]} 23. Qc2 (23. Qe2 $1 $18 {and the rest is easy.}) 23... Kg7 (23... Qe8 $16 {is a better defense.} 24. Bb2 Rc7 25. Bxe5 Bxe5) 24. Be4 $18 Qc8 {[%emt 0:00:58] [#]} 25. Bf5 $1 (25. Bxh7 Qxe6 26. Rd5 Qh3 $16) 25... Rd8 (25... Rh8 $142 26. Qe4 h5) 26. Rd5 (26. Bxh7 Qxe6 27. Bb2 Rh8 28. Bxe5 Rxh7 29. Rxd6 Qxe5 30. Rxb6 Rd7 $18) 26... Ra8 $2 (26... Bc7 27. h4 (27. Bxh7 Qxe6 28. Rxd8 Bxd8 $16) 27... g4) 27. Bb2 $18 ({Weaker is} 27. Bxh7 Qxe6 28. Bb2 Qh3 29. Bxe5 Qxh7 30. Qxh7+ Kxh7 31. Bxd6 Rxd6 32. Rxd6 exd6 $18) 27... Bc7 28. Rxe5 Bxe5 29. Bxe5 fxe5 30. Qe2 (30. Bxh7 Qxe6 31. Be4 Rab8 $16) (30. Qe4 Rf8 $16) 30... Rd6 $2 (30... Rf8 $18 31. Qh5 Rxf5 32. Rxf5 Qxe6 33. Qxg5+ (33. Rxg5+ Kh8 $18) 33... Kh8 34. Rxe5 Qd6 35. Rxe7 (35. Qxe7 Qxe7 36. Rxe7 Rd8 $18) 35... Rg8 36. Qe5+ Qxe5 37. Rxe5 Rd8) 31. Qh5 Qg8 32. Be4 Rxe6 33. Bxa8 ({Not} 33. Qxg5+ Kh8 34. Qh4 Rd8 $18) 33... Qxa8 34. Rf7+ Kg8 35. Qxh7# 1-0

[Event "Fagernes GM Open Autumn 2024"]
[Site "Fagernes"]
[Date "2024.10.13"]
[Round "9.4"]
[White "Amar, Elham"]
[Black "Stremavicius, Titas"]
[Result "1-0"]
[ECO "B30"]
[WhiteElo "2540"]
[BlackElo "2541"]
[Annotator "TA"]
[PlyCount "59"]
[EventDate "2024.10.03"]
[EventType "swiss"]
[EventCountry "NOR"]
[SourceTitle "playchess.com"]
[Source "ChessBase"]
[SourceQuality "1"]
[TimeControl "40/6000:2400+30"]

1. e4 c5 2. Nf3 Nc6 3. Bb5 Nf6 4. Bxc6 dxc6 5. d3 Bg4 6. h3 Bh5 7. Qe2 Nd7 8. Bf4 {[%emt 0:00:00] [#] White has an edge.} e5 $1 9. g4 (9. Be3 f6) 9... exf4 10. gxh5 Qf6 11. Nbd2 Qxb2 12. Rb1 Qxc2 13. Rxb7 c4 (13... Qxa2 $15 14. e5 Qa1+ 15. Rb1 Qa2) 14. Nxc4 $16 Qc1+ 15. Qd1 Qxd1+ 16. Kxd1 {[%emt 0:00:00] Threatens to win with Nfe5.} Nc5 17. Rc7 Nxd3 18. Ke2 (18. Rxc6 $2 Nxf2+ 19. Ke2 Nxh1 $19) 18... Nc5 19. Rd1 (19. Rxc6 Be7 $11 (19... Nxe4 20. Rg1 $11)) 19... Be7 {[%emt 0:16:04] [#]} (19... Na6 $14 20. Rxc6 Nc5) 20. Nd4 $1 $36 {[%emt 0:17:07][%mdl 2048] White is in control. White is much more active. The black rooks are passive. A dynamic duo of knights.} (20. Rxc6 Nxe4 21. Rd4 Nc5 $16) 20... Na6 (20... Nxe4 $16 21. Nf5 (21. Nxc6 Bc5 $11) 21... Bb4) 21. Rxc6 $18 {[%emt 0:03:11] Black is weak on the light squares} Nb4 (21... Nc5 $142) 22. Rc7 {[%emt 0:00:11] Nf5 is the strong threat.} Na6 {[%emt 0:00:00] [#]} 23. Nb5 g6 {[%emt 0:11:48] [#]} (23... Kf8 24. Rxa7) 24. h6 $1 Kf8 25. Rxa7 Rxa7 26. Nxa7 Bg5 27. Ne5 {[%emt 0:02:03] Hoping for Rd7.} Ke7 28. Nac6+ {[%emt 0:01:58] White is clearly winning.} Ke6 29. Nf3 ({Weaker is} 29. Rd7 Nc5 30. Ra7 (30. Rxf7 Bf6 $15) (30. Nxf7 f3+ 31. Kxf3 Rf8 $11) 30... Bf6 $16) 29... Bxh6 {[%emt 0:02:56] [#]} 30. e5 $1 {[%emt 0:00:00] Weighted Error Value: White=0.12 (very precise) /Black=0.35.  Mistake:       	---       	Black=4      Inaccurate:     	White=4     	Black=2      OK:         	White=9     	Black=8      Best:        	White=4     	Black=3      Strong:       	White=2     	---} 1-0

[Event "Fagernes GM Open Autumn 2024"]
[Site "Fagernes"]
[Date "2024.10.13"]
[Round "9.5"]
[White "Raja Rithvik R"]
[Black "Moksh Amit Doshi"]
[Result "1/2-1/2"]
[ECO "C50"]
[WhiteElo "2514"]
[BlackElo "2377"]
[Annotator "TA"]
[PlyCount "29"]
[EventDate "2024.10.03"]
[EventType "swiss"]
[EventCountry "NOR"]
[SourceTitle "playchess.com"]
[Source "ChessBase"]
[SourceQuality "1"]
[TimeControl "40/6000:2400+30"]

1. e4 e5 2. Nf3 Nc6 3. Bc4 Bc5 4. d3 Nf6 5. Nc3 a6 6. a4 h6 7. O-O O-O 8. Be3 d6 9. Bxc5 dxc5 {[%emt 0:00:00] White has an edge.} 10. Nd5 Re8 11. a5 Nxd5 12. Bxd5 Ne7 13. Bc4 (13. Nxe5 $2 {loses.} Nxd5 14. Qh5 Qf6 15. Nxf7 Qxf7 $19) 13... Ng6 14. Re1 Qf6 15. Re3 {[%emt 0:12:04] An uneventful encounter.   Weighted Error Value: White=0.05 (flawless) /Black=0.06 (flawless) .  Inaccurate:     	White=1     	Black=1      OK:         	White=3     	Black=2} 1/2-1/2

[Event "Fagernes GM Open Autumn 2024"]
[Site "Fagernes"]
[Date "2024.10.13"]
[Round "9.6"]
[White "Bazakutsa, Svyatoslav"]
[Black "Sorensen, Hampus"]
[Result "1/2-1/2"]
[ECO "A20"]
[WhiteElo "2483"]
[BlackElo "2423"]
[Annotator "TA"]
[PlyCount "84"]
[EventDate "2024.10.03"]
[EventType "swiss"]
[EventCountry "NOR"]
[SourceTitle "playchess.com"]
[Source "ChessBase"]
[SourceQuality "1"]
[TimeControl "40/6000:2400+30"]

1. c4 e5 2. g3 Nf6 3. Bg2 c6 4. d4 e4 5. Bg5 d5 6. Nc3 Nbd7 7. cxd5 cxd5 8. Qb3 {[%emt 0:00:00][%cal Ob3b5] The position is equal.} Bd6 9. Qb5 O-O 10. Nxd5 a6 11. Qa4 Re8 12. a3 b5 13. Qc2 Bb7 {[%emt 0:07:50] Inhibits Qc6.} 14. Nxf6+ Nxf6 15. e3 Qa5+ $1 16. Qd2 Qxd2+ 17. Kxd2 Ng4 18. Ke1 h6 19. Bf4 Bf8 20. h3 Nf6 21. g4 Nd5 $36 {[%emt 0:06:25][%mdl 2048] Black fights for an advantage.} 22. Ne2 Rac8 23. Kd2 {[%emt 0:04:27] Prevents Rc2+.} Nb6 {[%emt 0:00:00] [#] Strongly threatening ...Nc4+.} 24. Rhb1 b4 25. axb4 Bxb4+ 26. Kd1 Nc4 27. b3 Na3 {[%emt 0:14:30][%mdl 1024] Black has compensation.} 28. Rb2 (28. Rc1 $11) 28... Nb5 $17 29. Ra4 ({White should try} 29. h4) 29... a5 30. Bf1 Bd5 31. Rxb4 axb4 32. Kd2 Rc6 33. Ng3 Nc3 {[%emt 0:00:00] And now ...g5 would win.} 34. Nf5 Ree6 {[%emt 0:00:00] Prevents Bd6.} 35. Be5 f6 36. Bb8 {[%emt 0:00:00] [#]} Kh7 (36... g6 $1 $17 37. Nxh6+ Kh7) 37. Ba7 $1 $15 g6 38. Ng3 Re7 39. Bc5 Rb7 40. Ke1 Rb8 41. Kd2 Kg7 (41... f5 $15 42. gxf5 gxf5) 42. Bg2 (42. Bc4 $1 $11) 42... Kf7 {[%emt 0:09:20] Whites escaped into a draw.   Weighted Error Value: White=0.12 (very precise) /Black=0.08 (flawless) .  Mistake:       	White=3     	Black=2      Inaccurate:     	White=2     	Black=1      OK:         	White=22    	Black=16     Best:        	White=1     	Black=5      Strong:       	White=1     	Black=1} 1/2-1/2

[Event "Fagernes GM Open Autumn 2024"]
[Site "Fagernes"]
[Date "2024.10.13"]
[Round "9.7"]
[White "Sasikiran, Krishnan"]
[Black "Namitbir Singh Walia"]
[Result "1/2-1/2"]
[ECO "D87"]
[WhiteElo "2571"]
[BlackElo "2351"]
[Annotator "TA"]
[PlyCount "119"]
[EventDate "2024.10.03"]
[EventType "swiss"]
[EventCountry "NOR"]
[SourceTitle "playchess.com"]
[Source "ChessBase"]
[SourceQuality "1"]
[TimeControl "40/6000:2400+30"]

1. d4 Nf6 2. c4 g6 3. Nc3 d5 4. cxd5 Nxd5 5. e4 Nxc3 6. bxc3 Bg7 7. Bc4 c5 8. Ne2 Nc6 9. Be3 O-O 10. O-O b6 11. Rc1 Bb7 12. Bb5 Rc8 13. Qd2 e6 14. Rfd1 cxd4 15. cxd4 Na5 16. f3 Rxc1 17. Rxc1 a6 18. Bd3 Nc6 19. Bc4 b5 20. Bb3 Na5 21. h4 Nxb3 22. axb3 h5 23. b4 Qd7 24. Bh6 Bxh6 $1 25. Qxh6 Rc8 {[%emt 0:00:00] Black is weak on the dark squares} 26. Rxc8+ Qxc8 $14 {[%emt 0:00:00][%mdl 4096] Endgame. KQB-KQN} 27. Qc1 {[%emt 0:01:45] Against Qc2} Qd8 28. Qg5 $1 Qc7 29. Kf2 Qd6 (29... a5 $1 $14) 30. Qe5 $36 {[%emt 0:02:29][%mdl 2048] White is on the roll.} Qe7 (30... Qd8 $16) 31. g3 f6 (31... Qf8 $16 {might work better.} 32. Qc7 Ba8) 32. Qb8+ $18 Kg7 33. Qa7 g5 (33... Qc7 $16 {keeps fighting.} 34. Nf4 Qc2+ 35. Kf1 (35. Ne2 Qc8 $16) 35... Qc4+ 36. Kg2 Qc8) 34. hxg5 fxg5 {[%emt 0:00:00] [#]} 35. Qb8 {[%emt 0:00:20] Prevents Qc7} Kh7 36. Nc1 {[%emt 0:02:09] Nd3 is the strong threat.} h4 (36... Qd7 $16 {was necessary.}) 37. Nd3 Qg7 (37... h3 $142 38. g4 Qg7) 38. Qe5 $2 (38. Ne5 $18) 38... Qxe5 $11 {[%emt 0:00:32] The position is equal.} 39. dxe5 hxg3+ 40. Kxg3 {[%emt 0:00:00] KB-KN} Kg6 41. Kg4 Bc8 42. Nc5 Kh6 43. Nb3 Kg6 44. Na5 Bd7 45. Nb7 Bc8 46. Nc5 (46. Nd6 $5 Bd7 $8 47. Nb7 $11) 46... Kh6 47. Nb3 Kg6 48. Nd4 Bd7 49. Ne2 Bc8 50. f4 gxf4 51. Nxf4+ Kh6 52. Nd3 Kg6 53. Nc5 $1 Kh6 54. Nb3 Kg6 55. Nd4 Bd7 56. Nb3 Bc8 57. Na5 Bd7 58. Kh4 Kh6 59. Nb7 Bc8 60. Nc5 {[%emt 0:00:00] White really could win this.   Weighted Error Value: White=0.25 (precise) /Black=0.18 (very precise) .  Missed win:     	White=1     	---        Mistake:       	---       	Black=6      Inaccurate:     	White=3     	Black=2      OK:         	White=17    	Black=27     Best:        	White=1     	Black=4      Strong:       	White=2     	Black=1} 1/2-1/2

[Event "Fagernes GM Open Autumn 2024"]
[Site "Fagernes"]
[Date "2024.10.13"]
[Round "9.8"]
[White "Carlsson, Ludvig"]
[Black "Mitusov, Semen"]
[Result "1-0"]
[ECO "D11"]
[WhiteElo "2334"]
[BlackElo "2486"]
[Annotator "TA"]
[PlyCount "67"]
[EventDate "2024.10.03"]
[EventType "swiss"]
[EventCountry "NOR"]
[SourceTitle "playchess.com"]
[Source "ChessBase"]
[SourceQuality "1"]
[TimeControl "40/6000:2400+30"]

1. Nf3 d5 2. d4 Bf5 3. c4 e6 4. Nc3 c6 5. Qb3 Qb6 6. c5 Qc7 7. Bf4 Qc8 8. Nh4 Be7 9. Nxf5 exf5 10. e3 Nf6 {[%emt 0:00:00] Weiß steht etwas besser.} 11. Bd3 O-O 12. h4 g6 {[%emt 0:01:39] [#]} 13. h5 $1 {[%emt 0:00:00] Weiß hat aktiveres Spiel. Die schwarzen Türme stehen passiv.} Nbd7 {[%emt 0:00:39] [#]} (13... Nxh5 $6 14. Rxh5 gxh5 15. O-O-O $18) (13... Na6 14. Bxa6) 14. g4 $1 fxg4 15. hxg6 fxg6 {[%emt 0:13:02] [#]} 16. e4 $1 Nxe4 {[%emt 0:16:08] Danach kann Schwarz die Partie nicht mehr halten.} 17. Nxd5 $18 cxd5 18. Qxd5+ Kh8 19. Qxe4 Qc6 $2 (19... Qe8) 20. Bg3 $2 (20. Rxh7+ Kxh7 21. Qxe7+ Kh8 22. Qh4+ Kg8 23. Bc4+ (23. Qxg4 Rae8+ 24. Kd2 Re4 $16) 23... Rf7 24. O-O-O (24. Bxf7+ Kxf7 25. Kf1 Nf6 $16) (24. Qxg4 Nxc5 25. Bxf7+ Kxf7 $18)) 20... Rf6 $2 (20... Bg5 {ist eine bessere Verteidigung.} 21. d5 Qf6 22. Qxg6 Qxg6 23. Bxg6 h6) 21. O-O-O (21. Rxh7+ $142 Kxh7 22. Qxe7+ Kh6 23. O-O-O Nxc5 24. Qe3+ (24. dxc5 Re8 $16) (24. Qxc5 Qxc5+ 25. dxc5 Rc8 $18) 24... Kh7 25. dxc5) 21... Bf8 $2 (21... Qxe4 22. Bxe4 Re8 23. Bxb7 Nxc5) 22. Qxg4 Re8 23. Kb1 Bg7 {[%emt 0:01:53] [#]} 24. d5 $1 Qxd5 25. Bxg6 Rxg6 26. Qxg6 ({Nicht} 26. Rxd5 Rxg4 27. Rxd7 Bf8 28. Rxb7 (28. Rdxh7+ Kg8 $16) 28... Bxc5 29. Rhxh7+ (29. Rbxh7+ Kg8 $18) 29... Kg8 $18) 26... Qxd1+ 27. Rxd1 hxg6 28. Rxd7 {[%emt 0:00:00][%mdl 4096] Endspiel. KRB-KRB} Rc8 (28... Bf8 $142 29. Bd6 (29. Rxb7 Bxc5 30. b4 Bf8 $16) (29. b4 Re7 $18) 29... Bxd6) 29. b4 b6 30. Rxa7 bxc5 31. b5 {[%emt 0:00:00] Zielt auf b6 ab.} c4 32. b6 {[%emt 0:00:00] jetzt b7 und aus.} c3 {[%emt 0:01:02] [#]} 33. Rxg7 $1 c2+ (33... Rc6 34. Be5) 34. Kc1 {[%emt 0:00:00] Gewichteter Fehlerwert: Weiß=0.58/Schwarz=0.89.  Verlustzug:     	---       	Schwarz=1     Fehler:       	Weiß=1     	Schwarz=4     Ungenau:       	Weiß=2     	Schwarz=1     OK:         	Weiß=8     	Schwarz=6     Bester:       	Weiß=2     	Schwarz=2     Stark:        	Weiß=1     	---} 1-0

[Event "Fagernes GM Open Autumn 2024"]
[Site "Fagernes"]
[Date "2024.10.13"]
[Round "9.9"]
[White "Blomqvist, Erik"]
[Black "Laddha, Shubh Jayesh"]
[Result "1-0"]
[ECO "C64"]
[WhiteElo "2483"]
[BlackElo "2308"]
[Annotator "TA"]
[PlyCount "115"]
[EventDate "2024.10.03"]
[EventType "swiss"]
[EventCountry "NOR"]
[SourceTitle "playchess.com"]
[Source "ChessBase"]
[SourceQuality "1"]
[TimeControl "40/6000:2400+30"]

1. e4 e5 2. Nf3 Nc6 3. Bb5 a6 4. Ba4 Bc5 5. c3 Nge7 6. O-O Ng6 {[%emt 0:00:00] 6...Ba7 is the modern continuation. C64: Ruy Lopez: Classical Defence (3...Bc5) except 4 0-0 Nf6.} 7. d4 Ba7 8. Re1 O-O 9. Be3 d6 10. h3 Bd7 11. Nbd2 h6 12. Nf1 Kh8 $146 ({Predecessor:} 12... Qe8 13. dxe5 Ncxe5 14. Bxd7 Nxd7 15. Bxa7 Rxa7 16. Qd4 Ra8 17. Ne3 Qe6 18. Nf5 Qf6 19. Qxf6 Nxf6 20. e5 dxe5 21. Nxe5 Nxe5 22. Rxe5 Rfe8 {½-½ Schneider,I (2451)-Blomqvist,E (2515) Parnu Keres op-A 5th 2024 (4)}) 13. Ng3 b5 14. Bc2 Nh4 15. Nxh4 Qxh4 16. Qd2 Rae8 17. Rad1 Bb6 18. b4 exd4 19. cxd4 a5 20. a3 axb4 21. axb4 f5 22. exf5 Ne7 ({Wrong is} 22... Nxd4 $2 23. Bxd4 Rxe1+ 24. Qxe1 $18) 23. f6 Qxf6 24. Qd3 Nf5 25. Nh5 Qf7 26. g4 g5 (26... g6 $1 $14 27. Nf4 g5) 27. Rf1 (27. gxf5 $16 Qxh5 28. f6) 27... Nxe3 $4 (27... Nh4 $11 28. d5 Nf3+ 29. Kh1 Ne5) 28. fxe3 $18 Qe7 29. Kh2 d5 30. Kg2 Qe4+ 31. Qxe4 dxe4 32. Nf6 Rd8 33. Bxe4 Be6 34. Ra1 Bc4 35. Rf5 Rd6 (35... Be6 {might work better.} 36. Rf3 Bc4) 36. Nd7 $18 Re8 37. Ne5 Be6 (37... Kg7 $142 38. Ra3 Bg8) 38. Rf3 Kg7 39. Raf1 Bc4 40. Nxc4 bxc4 41. Bf5 Ra8 42. Rc1 Ra2+ 43. Kf1 Ra3 44. Ke2 (44. Rxc4 Rxd4 45. Rxd4 (45. exd4 Rxf3+ 46. Kg2 Rf4 $11) 45... Bxd4 $14) 44... c3 45. Bc2 Rd7 46. Rcf1 Re7 47. Kd3 Ra8 48. Kxc3 Rd8 49. Kc4 Rd6 50. Bb3 Rdd7 51. b5 Rd6 52. Kd3 Rdd7 $2 (52... Red7 53. Rf8 h5) 53. Rf8 $18 Ba5 54. Rg8+ Kh7 55. Rff8 Bb6 56. Bc2 h5 57. Ke2+ Kh6 58. Rf6# 1-0

[Event "Fagernes GM Open Autumn 2024"]
[Site "Fagernes"]
[Date "2024.10.13"]
[Round "9.10"]
[White "Fiskaaen, Martin Holten"]
[Black "Hillarp Persson, Tiger"]
[Result "1/2-1/2"]
[ECO "E11"]
[WhiteElo "2259"]
[BlackElo "2455"]
[Annotator "TA"]
[PlyCount "96"]
[EventDate "2024.10.03"]
[EventType "swiss"]
[EventCountry "NOR"]
[SourceTitle "playchess.com"]
[Source "ChessBase"]
[SourceQuality "1"]
[TimeControl "40/6000:2400+30"]

1. d4 Nf6 2. c4 e6 3. Nf3 d5 4. g3 Bb4+ 5. Bd2 Be7 6. Bg2 O-O 7. O-O c6 8. b3 c5 {[%emt 0:07:25] E11: Bogo-Indisch.} 9. cxd5 exd5 10. Nc3 {[%emt 0:02:11] OK} Nc6 {[%emt 0:00:37] OK. Wit staat iets beter.} 11. dxc5 {[%emt 0:08:06] OK} Bxc5 12. Bg5 {[%emt 0:00:00] Fout (0.6)} (12. Bc1 $16) 12... d4 {[%emt 0:01:06] Onnauwkeurig} 13. Bxf6 {[%emt 0:02:20] OK} Qxf6 14. Ne4 {[%emt 0:00:00][%csl LRc5,LRf6] Fantastisch paardenconcours. OK} Qe7 {[%emt 0:00:00] OK} 15. Nxc5 {[%emt 0:00:00] OK} Qxc5 16. Rc1 {[%emt 0:00:00] OK} Qb6 $146 ({Predecessor:} 16... Qd6 17. Qd2 Bf5 18. Rfd1 Rad8 19. Nh4 Bg4 20. h3 Bc8 21. Qc2 Qf6 22. Rd2 Rd6 {0-1 Minero Pineda,S (2285)-Hernandez,G (2205) Merlo U20 1990 (1)}) 17. Qd3 {[%emt 0:00:00] Voorkomt Bf5. Rfd1 is de sterke dreiging. Onnauwkeurig} h6 $1 {[%emt 0:02:44] Sterk} 18. e3 {[%emt 0:18:17] Onnauwkeurig} dxe3 {[%emt 0:00:14] OK} 19. Qxe3 Be6 {[%emt 0:07:27] OK} 20. Rfd1 Rfd8 {[%emt 0:01:16] Ontwijkt Nd4. OK} 21. Qe2 Rxd1+ 22. Rxd1 Rd8 23. h3 Rxd1+ {[%emt 0:01:16] OK} 24. Qxd1 Qc5 {[%emt 0:01:32] OK} 25. Qd2 b6 26. Kh2 {[%emt 0:03:13] Onnauwkeurig} a5 {[%emt 0:01:56] OK} 27. Ne1 {[%emt 0:08:15] OK} Qd4 {[%emt 0:02:30] OK} 28. Qe2 {[%emt 0:10:43] OK} Nb4 {[%emt 0:04:32] OK} {Beter is} 29. Be4 {[%emt 0:06:04] [#] Fout (1.2)} (29. Nf3 $15 Qc3 30. Qb5) 29... Nxa2 $1 $17 {[%emt 0:06:22][%mdl 512] Briljant} 30. Nf3 {[%emt 0:00:00] Beste} Qb4 {[%emt 0:00:00] OK} 31. Qd3 {[%emt 0:00:16] [#] Afleidend Nc3. OK} {Zwart zou moeten proberen} Qe7 {[%emt 0:01:53] Voorkomt Qd8+. Fout (1.1)} (31... Qxb3 32. Qd8#) (31... Qf8 $1 $17 {Hoopt vervolgens op ...Nc1.} 32. Nd4 Bd7) 32. Qa6 $2 {[%emt 0:00:21] Verliest partij (1.7)} (32. Qd4 $11) {Zwart zou moeten spelen} 32... Qc5 {[%emt 0:05:48] Fout (1.2)} (32... Bxb3 $2 33. Qc8+ Qf8 34. Bh7+ Kxh7 35. Qxf8 $18) (32... f5 $19 33. Bb7 Qc5 (33... Bxb3 34. Qxb6 Bf7 35. Bc8 $11)) 33. Nd4 $1 $15 {[%emt 0:03:34] Sterk} Nc3 {[%emt 0:05:13] met als doel voor ...g6. Beste} ({Ondeugdelijk is} 33... Qxd4 34. Qa8+) 34. Nxe6 $1 {[%emt 0:06:33] Sterk} fxe6 {[%emt 0:00:00][%mdl 4096] Eindspel. KQB-KQN} 35. Bg2 {[%emt 0:00:00] [#] OK} {Zwart kan beter overwegen.} e5 {[%emt 0:00:00] Fout (1.0)} (35... Qxf2 $2 {verliest.} 36. Qc8+ Kf7 37. Qc7+ (37. Qxc3 Kg8 $18) 37... Kg6 38. Qxc3 $18) (35... Nb5 $1 $17) 36. Qb7 {[%emt 0:00:04] De stelling is in evenwicht.} e4 {[%emt 0:00:00] OK} (36... Qxf2 $2 {te hebberig.} 37. Qc8+ Kh7 38. Qxc3 $18) 37. Qa8+ {[%emt 0:01:06] OK} Kf7 {[%emt 0:00:00] OK} 38. Qb7+ {[%emt 0:00:00] OK} Kf6 39. Kg1 Qd4 40. Qc6+ {[%emt 0:00:03] OK} Kf7 41. Bf1 {[%emt 0:05:04] OK} b5 42. Bxb5 {[%emt 0:05:18] OK} Nxb5 43. Qxb5 $11 {[%emt 0:00:08] KQ-KQ} e3 44. Qb7+ Ke6 {[%emt 0:04:48] OK} 45. Qa6+ Kd7 46. Qb7+ Kd6 47. Qa6+ {[%emt 0:00:32] OK} Kd7 {[%emt 0:00:54] OK} 48. Qb7+ Kd6 {[%emt 0:02:49] Blunder waarde: Wit=0.18 (erg precies) /Zwart=0.15 (erg precies) .  Verliest partij:   	Wit=1      	---        Fout:        	Wit=2      	Zwart=3      Onnauwkeurig:    	Wit=3      	Zwart=1      OK:         	Wit=16     	Zwart=15     Beste:        	Wit=1      	Zwart=1      Sterk:        	Wit=2      	Zwart=1      Briljant:      	---       	Zwart=1} 1/2-1/2